Map: King's Cove LE

Players

MarineLorD

  • Race: Terran Terran
  • Spawn Location: 5:00

Cham - Winner!

  • Race: Zerg Zerg
  • Spawn Location: 11:00

Event: 2019 WCS Summer

VOD

Have the link to the VOD?

Description

Time

  • Played on: July 13, 2019, 8:38 a.m.
  • Length: 9:38

All games in this series

Show
View Real Time Build Order
Export as new Build Order

MarineLorD Terran 

Build Orders: Gas First Reaper Expand, Hellion Banshee 

Get SALT Encoding   

  12  0:00  SCV  
  13  0:12  SCV  
  14  0:17  Supply Depot  
  14  0:24  SCV  
  15  0:30  Refinery  
  15  0:39  SCV  
  16  0:45  Barracks  
  16  0:51  SCV  
  17  1:03  SCV  
  18  1:15  SCV  
  19  1:31  Orbital Command  
  19  1:32  Reaper  
  20  1:44  Command Center  
  20  1:55  Factory  
  20  1:59  SCV  
  21  2:07  Barracks Reactor  
  21  2:11  SCV  
  22  2:15  Supply Depot  
  22  2:23  Refinery, SCV  
  23  2:37  SCV  
  24  2:46  Starport  
  24  2:49  SCV  
  24  2:50  Hellion x2  
  29  2:56  Orbital Command  
  29  3:01  SCV  
  30  3:13  Hellion x2  
  30  3:16  SCV  
  35  3:25  Engineering Bay  
  34  3:27  SCV  
  34  3:28  SCV  
  36  3:35  Starport Tech Lab  
  36  3:39  SCV  
  36  3:41  SCV, Hellion x2  
  42  3:47  Supply Depot  
  42  3:51  SCV  
  42  3:53  SCV  
  44  3:57  Cloaking Field  
  44  4:03  SCV  
  44  4:05  SCV  
  44  4:08  Banshee  
  49  4:10  Supply Depot  
  49  4:15  Barracks Tech Lab, SCV  
  50  4:17  SCV  
  51  4:28  SCV  
  52  4:32  Factory Reactor, Command Center  
  52  4:33  Marine  
  52  4:34  SCV  
  52  4:40  SCV  
  52  4:43  Barracks  
  49  4:46  SCV  
  44  4:53  SCV  
  44  4:58  SCV  
  46  5:05  SCV  
  47  5:08  Marine  
  47  5:10  SCV  
  47  5:11  Supply Depot  
  49  5:16  Supply Depot  
  49  5:17  SCV  
  48  5:22  SCV  
  48  5:26  Marine  
  47  5:29  SCV  
  47  5:34  SCV  
  46  5:41  SCV, Supply Depot  
  47  5:46  Marine  
  47  5:48  SCV  
  47  5:49  Marine  
  50  5:55  Marine  
  50  6:00  SCV  
  50  6:01  Orbital Command  
  49  6:09  Marine x2  
  48  6:12  Marine  
  50  6:18  SCV  
  50  6:22  Siege Tank  
  50  6:23  Medivac x2  
  57  6:27  Marine x2  
  57  6:31  Marine  
  57  6:42  Supply Depot  
  57  6:53  Supply Depot  
  57  7:10  Stimpack  
  57  7:36  Siege Tank, Marine x3, Supply Depot, Medivac  
  65  7:40  Command Center  
  65  7:42  Supply Depot  
  62  7:54  Marine x2, Reaper  
  65  8:11  Marine x2  
  65  8:12  Siege Tank  
  70  8:26  Marine  
  69  8:29  Marine x2  
  71  8:44  Marine  
  71  8:47  Marine x2  
  53  9:01  Marine  
  45  9:05  Marine x2  
  48  9:19  Marine  
Show
View Real Time Build Order
Export as new Build Order

Cham Zerg - Winner!

Build Orders: Hatch First 

Get SALT Encoding   

  12  0:00  Drone  
  13  0:09  Drone  
  14  0:17  Overlord  
  14  0:36  Drone x2  
  16  0:49  Hatchery  
  15  0:53  Drone  
  15  0:56  Drone  
  17  1:00  Drone  
  18  1:10  Extractor  
  17  1:15  Spawning Pool  
  16  1:18  Drone  
  16  1:22  Drone  
  18  1:31  Drone  
  19  1:41  Drone  
  20  1:51  Overlord  
  20  2:02  Queen x2  
  20  2:03  Zergling x4  
  26  2:10  Metabolic Boost  
  26  2:15  Drone  
  27  2:16  Drone  
  28  2:23  Drone x2  
  30  2:43  Queen x2  
  33  2:47  Drone  
  33  2:48  Drone, Overlord  
  35  3:08  Drone x3  
  35  3:09  Drone x2  
  40  3:22  Extractor  
  40  3:30  Lair, Hatchery  
  39  3:35  Queen  
  39  3:40  Zergling x2  
  39  3:41  Zergling x4  
  43  3:47  Zergling x2  
  43  3:48  Overlord x2  
  44  3:57  Overlord  
  44  3:58  Overlord  
  42  4:04  Zergling x4  
  44  4:12  Spore Crawler  
  44  4:17  Queen  
  47  4:24  Zergling x12  
  52  4:32  Nydus Network  
  51  4:40  Zergling x4  
  53  4:46  Zergling x4  
  53  4:47  Zergling x6  
  53  4:52  Queen  
  55  4:57  Queen  
  55  4:58  Queen  
  57  5:07  Zergling x2  
  57  5:09  Nydus Canal  
  57  5:10  Zergling x2  
  57  5:11  Zergling x6  
  57  5:14  Zergling x4  
  64  5:22  Zergling x4  
  64  5:23  Zergling x2, Nydus Canal  
  64  5:28  Queen  
  65  5:34  Nydus Canal  
  63  5:38  Zergling x4  
  63  5:39  Zergling x10  
  63  5:41  Zergling x4  
  68  5:49  Nydus Canal  
  66  5:57  Queen  
  66  5:59  Zergling x4  
  66  6:02  Zergling x2  
  73  6:08  Zergling x4  
  74  6:13  Nydus Canal, Overlord  
  74  6:15  Drone x2  
  74  6:18  Drone  
  75  6:21  Drone  
  75  6:22  Drone  
  75  6:24  Drone  
  78  6:28  Drone  
  78  6:29  Drone x2  
  78  6:30  Drone  
  78  6:34  Overlord  
  74  6:41  Nydus Canal  
  74  6:42  Drone x2  
  76  6:48  Drone x3  
  76  6:50  Drone x2  
  81  6:56  Nydus Canal  
  81  7:01  Drone  
  82  7:04  Drone, Overlord  
  82  7:05  Drone  
  82  7:06  Overlord  
  84  7:09  Overlord  
  84  7:10  Extractor  
  83  7:16  Overlord  
  83  7:17  Nydus Canal  
  83  7:18  Drone x2  
  83  7:20  Overlord  
  83  7:22  Drone, Extractor x2  
  79  7:23  Drone x2  
  79  7:24  Drone  
  79  7:28  Drone x3  
  79  7:29  Drone x2  
  77  7:45  Zergling x10  
  77  7:49  Zergling x2  
  77  7:54  Drone x2  
  77  7:57  Hatchery  
  78  7:58  Extractor  
  78  7:59  Zergling x16  
  78  8:01  Zergling x2  
  78  8:05  Nydus Canal  
  86  8:09  Drone  
  86  8:10  Drone  
  86  8:12  Drone  
  89  8:15  Spire  
  89  8:17  Baneling Nest  
  89  8:18  Extractor  
  86  8:26  Zergling x8  
  86  8:27  Nydus Canal  
  86  8:30  Zergling x16  
  94  8:37  Zergling x4  
  94  8:39  Zergling x2  
  97  8:47  Zergling x4  
  96  8:52  Zergling x2  
  86  8:56  Zergling x4  
  86  9:02  Zergling x2  
  84  9:04  Nydus Canal  
  84  9:07  Zergling x2  
  84  9:09  Zergling x2  
  82  9:11  Zergling x2  
  82  9:12  Zergling x2  
  82  9:13  Zergling x2  
  82  9:14  Zergling x12  
  94  9:18  Nydus Canal  
  94  9:23  Drone x3  
  97  9:25  Evolution Chamber x2  
  96  9:37  Nydus Canal  
Tags
 
Add a new tag
Caveats
  • Supply blocks, unpowered buildings, or Contaminate may cause inaccurate times.
  • Supply counts are checked every 10 seconds.